[Event "Early-Titled-Tuesday-Blitz-October-17-2023"]
[Site "Chess.com"]
[Date "2023.10.17"]
[Round "6"]
[White "BardArtem"]
[Black "SanchezKelvin"]
[Result "1-0"]
[WhiteElo "2766"]
[BlackElo "2571"]
[TimeControl "180+1"]
[EndTime "9:10:48 PDT"]
[Termination "BardArtem won on time"]

1. e4 e5 2. Nf3 Nc6 3. Nc3 Bc5 4.
Nxe5 Nxe5 5. d4 Bd6 6. dxe5 Bxe5 7. Bd3 Nf6 8. Nb5 a6 9. f4 Bxb2 10. Bxb2 axb5 11. O-O c6 12. e5 Nd5 13. Qf3 Qb6+ 14. Kh1 Qe3 15. Qg4 g6 16. Rae1 Qc5 17. f5 Ne3 18. e6 dxe6 19. Qe2 Nxf1 20. fxg6 Rf8 21. g7 Rg8 22. Bxh7 Rxg7 23. Bxg7 Qg5 24. Bd4 Ng3+ 25.
hxg3 Qh6+ 26. Kg1 Qxh7 27. Qe5 Bd7 28. Re4 Qg8 29. Rh4 Ke7 30. Bc5+ Kd8 31. Rh8 1-0

[Event "Early-Titled-Tuesday-Blitz-October-17-2023"]
[Site "Chess.com"]
[Date "2023.10.17"]
[Round "6"]
[White "Susal_De_Silva"]
[Black "Sanyura"]
[Result "1-0"]
[WhiteElo "2671"]
[BlackElo "2537"]
[TimeControl "180+1"]
[EndTime "9:10:48 PDT"]
[Termination "Susal_De_Silva won on time"]

1. Nf3 d5 2. e3 c6 3. c4 e6 4. Nc3 Nf6 5. b3 Be7 6. Bb2 O-O 7. Qc2 Nbd7 8. Be2 e5 9. cxd5 cxd5 10. Nb5 e4 11.
Nfd4 Ne5 12. f4 exf3 13. gxf3 a6 14. f4 Ng6 15. Nc3 Bd7 16. h4 Ne4 17. Nxe4 dxe4 18. h5 Bh4+ 19. Kf1 Nh8 20. Qxe4 Re8 21. Qg2 Bf6 22. h6 g6 23. Bc4 Rc8 24. Bd5 Bc6 25. Bxc6 bxc6 26. Bc3 c5 27. Ne2 c4 28. b4 Bxc3 29.
Nxc3 Rc7 30. Rh5 Qd3+ 31. Kg1 Rd7 32. Rd5 Rxd5 33. Qxd5 Qc2 34. Rf1 g5 35. fxg5 Qg6 36.
Rf6 Qh5 37. Qf5 Ng6 38. Rxf7 Rf8 39. Rxf8+ Nxf8 40. Ne4 Qd1+ 41. Kg2 Qe2+ 42. Kg3 Qe1+ 43. Kf4 1-0

[Event "Early-Titled-Tuesday-Blitz-October-17-2023"]
[Site "Chess.com"]
[Date "2023.10.17"]
[Round "6"]
[White "Ural_bogatyr"]
[Black "KononenkoD"]
[Result "1-0"]
[WhiteElo "2532"]
[BlackElo "2622"]
[TimeControl "180+1"]
[EndTime "9:10:50 PDT"]
[Termination "Ural_bogatyr won on time"]

1. d4 Nf6 2. Nc3 d5 3. Bf4 c6 4.
e3 Qb6 5. Rb1 Bf5 6. f3 Nbd7 7.
g4 Bg6 8. h4 h5 9. g5 Ng8 10.
Bd3 Bxd3 11. Qxd3 g6 12. e4 e6 13. Nge2 Ne7 14. Kf1 Bg7 15. Bd6 Qd8 16. Kg2 O-O 17. exd5 cxd5 18. Nb5 a6 19. Na3 Re8 20. Ng3 Nb6 21.
Bxe7 Qxe7 22. f4 Rac8 23. c3 Rc6 24. Nc2 Nc8 25. Rbe1 Nd6 26. Ne3 Qd7 27. Kh2 b5 28. Re2 a5 29. Rhe1 b4 30. f5 gxf5 31. Nxh5 bxc3 32. bxc3 Ne4 33. c4 dxc4 34. Nxc4 Qxd4 35. Qxd4 Bxd4 36. Nxa5 Rc3 37. Kg2 Ra8 38. Nb3 Be5 39.
Nd2 Rxa2 40. Nxe4 Rxe2+ 41. Rxe2 fxe4 42. Rxe4 Rc2+ 43. Kf3 Rc3+ 44. Kg4 Bc7 45. Ra4 Kh7 46. Nf6+ Kg7 47. Ra8 1-0

[Event "Early-Titled-Tuesday-Blitz-October-17-2023"]
[Site "Chess.com"]
[Date "2023.10.17"]
[Round "6"]
[White "victormago"]
[Black "CraiggoryC"]
[Result "1-0"]
[WhiteElo "2481"]
[BlackElo "2208"]
[TimeControl "180+1"]
[EndTime "9:10:50 PDT"]
[Termination "victormago won on time"]

1. d4 e6 2. c4 Nf6 3. Nc3 d5 4.
cxd5 exd5 5. Bg5 c6 6. Qc2 Be7 7. e3 O-O 8. Bd3 Nbd7 9. Nf3 Re8 10. O-O Nf8 11. Rab1 a5 12. a3 Ng6 13. b4 Bd6 14. h3 h6 15. Bxf6 Qxf6 16. Qd1 axb4 17. axb4 Ra3 18. Qc1 Rxc3 19. Qxc3 Bxh3 20. b5 Bg4 21.
Nh2 Bh5 22. bxc6 bxc6 23. g3 Qg5 24. Qxc6 Re6 25. Qc8+ Kh7 26. Kh1 Qf6 27. Qd7 Bf3+ 28. Kg1 Kg8 29. Rb7 Nf8 30. Qb5 1-0

[Event "Early-Titled-Tuesday-Blitz-October-17-2023"]
[Site "Chess.com"]
[Date "2023.10.17"]
[Round "6"]
[White "topin8"]
[Black "MdChess1734"]
[Result "1-0"]
[WhiteElo "2498"]
[BlackElo "2414"]
[TimeControl "180+1"]
[EndTime "9:10:51 PDT"]
[Termination "topin8 won on time"]

1. e4 c6 2. Nf3 d5 3. Nc3 Bg4 4. h3 Bxf3 5. Qxf3 e6 6. d3 Nd7 7.
Bd2 Bc5 8. Be2 Ne7 9. Qg3 O-O 10. f4 f5 11. h4 dxe4 12. dxe4 Nf6 13. e5 Nfd5 14. Na4 Bd4 15. c3 Bb6 16. c4 Nc7 17.
c5 Qd4 18. cxb6 axb6 19. Nc3 b5 20. Qf2 Qd7 21. b3 b4 22. Na4 Ncd5 23. Nc5 Qc8 24.
Nd3 1-0

[Event "Early-Titled-Tuesday-Blitz-October-17-2023"]
[Site "Chess.com"]
[Date "2023.10.17"]
[Round "6"]
[White "dianamirza"]
[Black "NowInChess"]
[Result "0-1"]
[WhiteElo "1996"]
[BlackElo "2206"]
[TimeControl "180+1"]
[EndTime "9:10:51 PDT"]
[Termination "NowInChess won by resignation"]

1. e4 e6 2. d3 d5 3. Nd2 Nf6 4. Ngf3 c5 5. g3 Nc6 6. Bg2 Be7 7. O-O b5 8. Re1 Bb7 9. h4 a5 10. e5 Nd7 11. Qe2 h6 12. Nf1 d4 13. Bf4 Nb6 14.
c4 bxc4 15. dxc4 d3 16. Qd1 Nxc4 17. Qb3 Ba6 18. Rad1 Rb8 19. Qc3 Nxb2 20. Rd2 Na4 21. Qa3 Bb5 22. Rb1 c4 23. Qc1 c3 24. N3h2 Nb4 25.
Rd1 c2 26. Rxb4 Bxb4 27. Rd2 Bxd2 28. Bxd2 Qd7 29. Ne3 Bc6 30. Qa3 Rb1+ 31. Bc1 d2 32. Nc4 dxc1=Q+ 33. Nf1 Qxa3 34. Nxa3 c1=Q 0-1

[Event "Early-Titled-Tuesday-Blitz-October-17-2023"]
[Site "Chess.com"]
[Date "2023.10.17"]
[Round "6"]
[White "Beca95"]
[Black "Druid24"]
[Result "1-0"]
[WhiteElo "2917"]
[BlackElo "2736"]
[TimeControl "180+1"]
[EndTime "9:10:54 PDT"]
[Termination "Beca95 won by resignation"]

1. d4 Nf6 2. c4 b6 3. Nf3 Bb7 4. a3 g6 5. Nc3 Bg7 6. Qc2 O-O 7. e4 d6 8. Be2 Nbd7 9. Be3 e5 10. d5 a5 11. Nd2 h6 12. Rb1 c6 13. b4 axb4 14. axb4 cxd5 15. cxd5 Rc8 16. Qb3 Nh5 17. Bxh5 gxh5 18.
O-O f5 19. f3 h4 20. h3 f4 21. Bf2 Qg5 22. Rfc1 Rf6 23. Qd1 Rg6 24. Qf1 Kh7 25. Rb2 Bf6 26. Be1 Ba6 27. b5 Bb7 28. Nb3 Rcg8 29.
Kh1 Bc8 30. Rf2 Nc5 31. Nxc5 dxc5 32. Bd2 Bd7 33. Ra1 R8g7 34. Ra7 Qg3 35. Be1 Qg5 36. Bd2 c4 37. Bc1 Qg3 38. Ba3 Bc8 39. Rxg7+ Rxg7 40. Ra2 Bd7 41. Bb4 Qg5 42. Ra7 Qg3 43. Rc7 Bd8 44.
Rxc4 Rg6 45. Rc6 Bxc6 46. bxc6 Qg5 47. Nb5 Qf6 48. d6 Qe6 49. c7 Bg5 50. Qc1 Qc8 51.
Na7 1-0

[Event "Early-Titled-Tuesday-Blitz-October-17-2023"]
[Site "Chess.com"]
[Date "2023.10.17"]
[Round "6"]
[White "ozates"]
[Black "bazar-wokzal"]
[Result "0-1"]
[WhiteElo "2731"]
[BlackElo "2581"]
[TimeControl "180+1"]
[EndTime "9:10:54 PDT"]
[Termination "bazar-wokzal won by checkmate"]

1. e4 Nc6 2. Nf3 d5 3. exd5 Qxd5 4. Nc3 Qa5 5. d4 Bg4 6. h3 Bxf3 7. Qxf3 O-O-O 8.
d5 Nb4 9. Bd3 Nf6 10. Bf5+ Kb8 11. O-O Nbxd5 12. Ne4 e6 13. Nxf6 gxf6 14. Bd3 Be7 15. a3 f5 16. Rb1 Bf6 17. c4 Ne7 18.
b4 Qa4 19. Qe2 Rhg8 20. b5 Ng6 21. Rb4 Qa5 22. c5 Rd4 23. Bb2 Nf4 24. Qf3 Rxd3 25. Qxf4 Bxb2 26. b6 axb6 27. Rxb2 Qxc5 28. Rc1 Rc3 29. Rd1 Rxh3 30. Rbd2 Rc3 31. Rd8+ Rxd8 32. Rxd8+ Ka7 33. Qa4+ Qa5 34. Qe8 Rc1+ 35. Kh2 Qe5+ 36. g3 b5 37. Ra8+ Kb6 38. a4 Rc2 39. a5+ Kc5 40. Rd8 Rxf2+ 41. Kh3 Qe4 42. Qe7+ Kc4 43.
Qxc7+ Kb3 44. Rg8 Qh1# 0-1

[Event "Early-Titled-Tuesday-Blitz-October-17-2023"]
[Site "Chess.com"]
[Date "2023.10.17"]
[Round "6"]
[White "Szczor"]
[Black "Eagle_2019"]
[Result "1-0"]
[WhiteElo "2543"]
[BlackElo "2700"]
[TimeControl "180+1"]
[EndTime "9:10:56 PDT"]
[Termination "Szczor won on time"]

1. d4 d5 2. c4 e6 3. Nc3 Nf6 4.
Nf3 a6 5. Bg5 dxc4 6. a4 c5 7.
e3 Nc6 8. Bxc4 cxd4 9. exd4 Be7 10. O-O O-O 11. Re1 Nb4 12. Ne5 Nbd5 13. Qf3 Nb4 14. Rad1 h6 15. Bh4 Nfd5 16. Nxd5 Nxd5 17. Bxd5 Bxh4 18.
Bxb7 Bxb7 19. Qxb7 Rb8 20. Qxa6 Rxb2 21. g3 Bf6 22.
Qc6 Bxe5 23. Rxe5 Ra2 24. Qc4 Rb2 25. Re2 Rxe2 26. Qxe2 Qd5 27. Qb5 Qxb5 28. axb5 Rb8 29. Rb1 Kf8 30. Kf1 Ke7 31. Ke2 Kd6 32. Kd3 Kd5 33. Kc3 Rc8+ 34. Kb4 Rc2 35. Ka5 1-0

[Event "Early-Titled-Tuesday-Blitz-October-17-2023"]
[Site "Chess.com"]
[Date "2023.10.17"]
[Round "6"]
[White "ivana_999"]
[Black "Akylbek2021"]
[Result "0-1"]
[WhiteElo "2096"]
[BlackElo "2279"]
[TimeControl "180+1"]
[EndTime "9:10:56 PDT"]
[Termination "Akylbek2021 won by resignation"]

1. d4 f6 2. c4 f5 3. Nc3 Nf6 4. Nf3 g6 5. Bg5 Bg7 6. e3 O-O 7. Qb3 e6 8. Be2 c6 9. O-O d5 10. cxd5 exd5 11. Ne5 Nbd7 12. f4 Qb6 13. Qxb6 Nxb6 14. b3 Ne4 15. Nxe4 fxe4 16. Be7 Re8 17. Ba3 a5 18. Bc5 Nd7 19. Nxd7 Bxd7 20. a4 h5 21. h3 h4 22. Bg4 Bf5 23. g3 Bf6 24. Kg2 hxg3 25. Kxg3 Kf7 26. Bxf5 gxf5 27. Kh2 Rg8 28. Rg1 Bh4 29. Ra2 Rxg1 30. Kxg1 Rg8+ 31. Rg2 Rxg2+ 32. Kxg2 Bd8 33. Bd6 Ke6 34. Be5 Be7 35. Kg3 Bb4 36. h4 Be1+ 37. Kh3 Bf2 38. h5 Kf7 39. Bc7 Bxe3 40.
Bxa5 Bxd4 41. Be1 Be3 42. Kg3 d4 43. b4 d3 44. b5 cxb5 45. axb5 d2 46. Bxd2 Bxd2 47.
Kf2 Bxf4 0-1

[Event "Early-Titled-Tuesday-Blitz-October-17-2023"]
[Site "Chess.com"]
[Date "2023.10.17"]
[Round "6"]
[White "Magila31"]
[Black "Bilan_Danila"]
[Result "0-1"]
[WhiteElo "2369"]
[BlackElo "2584"]
[TimeControl "180+1"]
[EndTime "9:10:59 PDT"]
[Termination "Bilan_Danila won on time"]

1. d4 d5 2. c4 c6 3. Nf3 Nf6 4. Nc3 e6 5. e3 Nbd7 6. Qc2 Bd6 7. Bd3 O-O 8. O-O dxc4 9. Bxc4 e5 10. h3 Qe7 11. Bb3 h6 12. e4 exd4 13. Nxd4 Nc5 14. Bc4 Qe5 15. Nf3 Qh5 16. b4 Bxh3 17. e5 Qg4 18.
Ne1 Bxe5 19. Be2 Qxb4 20. Bd2 Be6 21. Rb1 Qh4 22. Nf3 Qh5 23. Nxe5 Qxe5 24. Be3 Bf5 25.
Qb2 Bxb1 26. Rxb1 b6 27. Bf3 Rac8 28. Qc2 Rfd8 29. Ne2 Nfe4 30. Bf4 Qe6 0-1

[Event "Early-Titled-Tuesday-Blitz-October-17-2023"]
[Site "Chess.com"]
[Date "2023.10.17"]
[Round "6"]
[White "Cambek64"]
[Black "blitzo_vich"]
[Result "1/2-1/2"]
[WhiteElo "2424"]
[BlackElo "2599"]
[TimeControl "180+1"]
[EndTime "9:11:00 PDT"]
[Termination "Game drawn by repetition"]

1. a3 c5 2. c4 b6 3. b4 Bb7 4. Nc3 g6 5. Bb2 Bg7 6. d3 Nf6 7. e3 O-O 8. Qc2 Nc6 9. b5 Na5 10. Nf3 d5 11. cxd5 Nxd5 12. Nxd5 Bxd5 13. Bxg7 Kxg7 14.
Qc3+ f6 15. Be2 e5 16. O-O Qd6 17. Rfd1 Rac8 18. Nd2 Rfd8 19. Nc4 Bxc4 20. dxc4 Qe7 21. h3 e4 22. Rab1 Rxd1+ 23. Rxd1 Rd8 24. Rxd8 Qxd8 25. Qc2 f5 26. f4 Nb7 27. Qc3+ Qf6 28. Qxf6+ Kxf6 29. Kf2 Nd8 30. h4 Ne6 31. g4 Ng7 32. g5+ Ke7 33. Kg3 Kf7 34. Kf2 Ne8 35. h5 Nd6 36. h6 Ke6 37. Ke1 Nc8 38. Kd2 Ne7 39. Kc3 Kd6 40. Bd1 Kc7 41. Be2 Kb7 42.
a4 a6 43. Kb3 a5 44. Kc3 Kc7 45. Kd2 Kd6 46. Bf1 Ke6 47. Ke2 Nc8 48. Kf2 Nd6 49.
Be2 Ne8 50. Ke1 Nc7 51. Kf2 Ne8 52. Ke1 Kf7 53. Kf2 Nc7 54. Ke1 Ne8 55. Kd2 Nc7 56. Kc3 Ne8 57. Kd2 Nc7 58. Kc3 Ne8 59. Kd2 1/2-1/2

[Event "Early-Titled-Tuesday-Blitz-October-17-2023"]
[Site "Chess.com"]
[Date "2023.10.17"]
[Round "6"]
[White "Krakozia"]
[Black "samolo"]
[Result "1-0"]
[WhiteElo "3015"]
[BlackElo "2751"]
[TimeControl "180+1"]
[EndTime "9:11:01 PDT"]
[Termination "Krakozia won on time"]

1. c4 Nf6 2. Nc3 d6 3. g3 h5 4. Nf3 c6 5. Bg2 a5 6. d4 Na6 7.
Bg5 Bf5 8. O-O Ne4 9. Nxe4 Bxe4 10. Qd2 f6 11. Be3 g5 12. d5 Qd7 13. Ne5 Qf5 14.
f3 Bc2 15. dxc6 fxe5 16. cxb7 Rb8 17. Qxa5 Rxb7 18. Qxa6 Rxb2 19. f4 gxf4 20. Bxf4 exf4 21. Qa8+ Kd7 22. Bd5 Bg7 23. Qa7+ Kc8 24. Qa8+ Rb8 25. Qa6+ Kd8 26. Rxf4 Qxf4 27. gxf4 Bxa1 28. Qa7 Rb1+ 29. Kf2 Ke8 30. Qa8+ Kd7 31. Qc6+ Kd8 32. Be6 Bd4+ 33. e3 1-0

[Event "Early-Titled-Tuesday-Blitz-October-17-2023"]
[Site "Chess.com"]
[Date "2023.10.17"]
[Round "6"]
[White "Emeraldddd"]
[Black "Rutricks"]
[Result "0-1"]
[WhiteElo "2536"]
[BlackElo "2668"]
[TimeControl "180+1"]
[EndTime "9:11:01 PDT"]
[Termination "Rutricks won on time"]

1. e4 g6 2. d4 Bg7 3. c3 c6 4. f4 d5 5. e5 f6 6. Bd3 Nh6 7. Nf3 Bg4 8. h3 Bxf3 9. Qxf3 O-O 10. Qe2 fxe5 11. dxe5 e6 12. O-O Nd7 13. Be3 Qe7 14. Nd2 Nc5 15. Bc2 a5 16. g4 b6 17.
Kh1 Qh4 18. Qg2 Qe7 19. Rf3 g5 20. Raf1 gxf4 21. Bxf4 Nf7 22. Qg3 Nd7 23. Re3 Nh8 24.
Qe1 Rf7 25. Bg3 Rxf1+ 26. Nxf1 Rf8 27. Nh2 Bh6 28. Rf3 Rf7 29. Qf1 Qf8 30. Rxf7 Nxf7 31. Qd3 Qg7 32. Nf3 Kf8 33. Qa6 Ng5 34. Qc8+ Ke7 35.
Bh4 Nxe5 36. Qc7+ Nd7 37. Qf4 Qf6 38. Bxg5 Bxg5 39. Qxg5 h6 0-1

[Event "Early-Titled-Tuesday-Blitz-October-17-2023"]
[Site "Chess.com"]
[Date "2023.10.17"]
[Round "6"]
[White "Chessbard1972"]
[Black "JiiHart"]
[Result "1-0"]
[WhiteElo "2366"]
[BlackElo "2195"]
[TimeControl "180+1"]
[EndTime "9:11:02 PDT"]
[Termination "Chessbard1972 won on time"]

1. d4 d5 2. c4 c5 3. e3 Nf6 4. Nf3 e6 5. a3 a6 6. b3 Nc6 7. Bb2 dxc4 8. bxc4 Be7 9. Bd3 O-O 10. O-O b6 11.
Nc3 Bb7 12. d5 exd5 13. cxd5 Na5 14. e4 c4 15. Bc2 Re8 16. Nd4 Bc5 17. Re1 b5 18. h3 Qb6 19. Nb1 Rad8 20. Bc3 Nxd5 21. exd5 Rxe1+ 22. Qxe1 Bxd4 23. Qe4 Bxf2+ 24. Kf1 g6 25.
Qe5 f6 26. Qf4 Be3 27. Qxf6 Qxf6+ 28. Bxf6 Rf8 29. Ke2 Rxf6 30. Kxe3 Bxd5 31. Nc3 Bxg2 32. Be4 Bxe4 33. Nxe4 Re6 34. Rd1 Nb3 35. Rd8+ Kg7 36. Rd7+ Kh6 37. Rc7 a5 38. Kf4 1-0

[Event "Early-Titled-Tuesday-Blitz-October-17-2023"]
[Site "Chess.com"]
[Date "2023.10.17"]
[Round "6"]
[White "frederiksvane"]
[Black "SchmakAttack"]
[Result "1/2-1/2"]
[WhiteElo "2904"]
[BlackElo "2738"]
[TimeControl "180+1"]
[EndTime "9:11:03 PDT"]
[Termination "Game drawn by repetition"]

1. g3 g6 2. c4 Bg7 3. d4 c5 4. d5 d6 5. Bg2 b5 6. Nf3 b4 7. O-O Nf6 8. Re1 O-O 9. e4 Bg4 10. Nbd2 Nfd7 11. Qc2 a5 12. a4 e6 13. Ra2 Re8 14.
b3 exd5 15. cxd5 Bxf3 16. Nxf3 Ne5 17. Nxe5 Bxe5 18. f4 Bd4+ 19. Be3 Bxe3+ 20. Rxe3 Nd7 21. Bf1 Qf6 22. Bb5 Qd4 23. Qd2 Rad8 24. Qxd4 cxd4 25. Re1 f5 26. Rae2 d3 27. Bxd3 Nc5 28. exf5 Rxe2 29. Bxe2 gxf5 30. Bd1 Kf7 31. Bc2 Kf6 32. Kf2 Rc8 33. Kf3 h5 34. Re2 Rh8 35. h3 Rg8 36. Re3 Rf8 37. Re2 Rg8 38. Re1 Rf8 39. Re3 Rg8 40. Kf2 Rc8 41. Kg2 Rg8 42. Kf3 Rc8 43.
Re2 Rg8 1/2-1/2

[Event "Early-Titled-Tuesday-Blitz-October-17-2023"]
[Site "Chess.com"]
[Date "2023.10.17"]
[Round "6"]
[White "UK_23"]
[Black "pankajfm"]
[Result "0-1"]
[WhiteElo "2409"]
[BlackElo "2150"]
[TimeControl "180+1"]
[EndTime "9:11:03 PDT"]
[Termination "pankajfm won by resignation"]

1. e4 c5 2. Nf3 d6 3. Bb5+ Nd7 4. c4 a6 5. Ba4 Nf6 6. Nc3 e6 7. O-O Be7 8. d4 cxd4 9. Nxd4 O-O 10. Qe2 Qc7 11.
Bb3 b6 12. Be3 Bb7 13. f3 Rac8 14. Rac1 Qb8 15. Rfd1 Rfd8 16. Bc2 Ne5 17. b3 d5 18. exd5 exd5 19. Nf5 Ba3 20. Bxb6 Re8 21. Qf2 Bxc1 22. Rxc1 dxc4 23. bxc4 Nxc4 24. Ba4 Bc6 25. Bd4 Bxa4 26. Bxf6 gxf6 27. Nd5 Qe5 28. Rxc4 Qe1+ 29. Qxe1 Rxe1+ 30. Kf2 Rxc4 31. Kxe1 Rc1+ 32. Kd2 Rc2+ 33. Kd3 Rxg2 34. Nxf6+ Kf8 35. Nxh7+ Ke8 36. Nf6+ Kd8 37. h4 Bc2+ 0-1

[Event "Early-Titled-Tuesday-Blitz-October-17-2023"]
[Site "Chess.com"]
[Date "2023.10.17"]
[Round "6"]
[White "sokidze"]
[Black "Anton_Demchenko"]
[Result "0-1"]
[WhiteElo "2786"]
[BlackElo "3022"]
[TimeControl "180+1"]
[EndTime "9:11:04 PDT"]
[Termination "Anton_Demchenko won by resignation"]

1. d4 Nf6 2. c4 d6 3. Nf3 Nc6 4. d5 Ne5 5. Nxe5 dxe5 6. Nc3 e6 7.
e4 Bc5 8. Be2 O-O 9. O-O c6 10.
dxc6 bxc6 11. Qc2 Bb7 12. b3 Bd4 13. Bb2 Qc7 14. Bf3 Rfd8 15. Rad1 a6 16. Na4 c5 17. Ba3 Nd7 18. Rd2 Bc6 19. Nc3 Nf6 20. Ne2 Qb7 21. Nxd4 cxd4 22. Re1 a5 23. Qd3 h6 24. g3 Nd7 25.
Bg2 Qb6 26. Be7 Re8 27. Bd6 Nc5 28. Qe2 f6 29. f4 exf4 30. gxf4 e5 31. fxe5 fxe5 32.
Qh5 d3 33. Kh1 Nxe4 34. c5 Qb7 35. Bxe4 Bxe4+ 36. Kg1 Re6 37. Rf2 Rg6+ 38. Kf1 Bg2+ 39. Kg1 Kh7 40. c6 Bxc6+ 41. Kf1 Rxd6 0-1

[Event "Early-Titled-Tuesday-Blitz-October-17-2023"]
[Site "Chess.com"]
[Date "2023.10.17"]
[Round "6"]
[White "profedechess93"]
[Black "ChainedDowntohell"]
[Result "1-0"]
[WhiteElo "2612"]
[BlackElo "2458"]
[TimeControl "180+1"]
[EndTime "9:11:05 PDT"]
[Termination "profedechess93 won on time"]

1. e4 c5 2. Nf3 d6 3. Bb5+ Nc6 4. O-O Bd7 5. Re1 Nf6 6. c3 a6 7. Bf1 Bg4 8. h3 Bxf3 9. Qxf3 g6 10. d3 Bg7 11.
Be3 Nd7 12. Qd1 Qc7 13. Nd2 O-O 14. f4 b5 15. a3 a5 16. Nf3 b4 17. d4 e6 18. Rc1 bxc3 19. bxc3 a4 20. f5 exf5 21.
exf5 Rfe8 22. fxg6 hxg6 23. Bc4 Nb6 24. Ba2 c4 25.
Ng5 Nd5 26. Bd2 Rxe1+ 27. Qxe1 Na5 28. Qe4 Qb7 29. Rf1 Nf6 30. Qh4 Nb3 31. Bf4 Qd5 32. Bh2 Re8 33. Qf4 Re2 34. Nf3 Ne4 35. Bb1 Nxc3 36. Qh4 Nxb1 37. Qd8+ Kh7 38. Ng5+ Qxg5 39. Qxg5 1-0

[Event "Early-Titled-Tuesday-Blitz-October-17-2023"]
[Site "Chess.com"]
[Date "2023.10.17"]
[Round "6"]
[White "GothamChess"]
[Black "Truequitos"]
[Result "1-0"]
[WhiteElo "2690"]
[BlackElo "2509"]
[TimeControl "180+1"]
[EndTime "9:11:05 PDT"]
[Termination "GothamChess won on time"]

1. e4 e6 2. b3 d5 3. Bb2 Nf6 4. e5 Nfd7 5. f4 c5 6. Qg4 Nc6 7. Nf3 h5 8. Qh3 a6 9. Be2 b5 10. a4 b4 11. O-O a5 12. Bb5 Qb6 13. Kh1 Ba6 14. c4 bxc3 15. Nxc3 d4 16. Ne4 Bxb5 17. axb5 Qxb5 18. f5 Qxb3 19. fxe6 Qxe6 20. Qg3 h4 21. Qf4 h3 22. Nfg5 hxg2+ 23. Kxg2 Qd5 24. e6 Nf6 25. Qc7 Be7 26. Rf5 Qxf5 27. Qxc6+ Kf8 28. Qxa8+ Ne8 29. Rf1 Qg4+ 30. Ng3 f6 31. Nf3 Qxe6 32.
Re1 Qf7 33. Qxa5 Kg8 34. Qb5 Nd6 35. Qd7 f5 36. Rxe7 Qb3 37. Rxg7+ 1-0

[Event "Early-Titled-Tuesday-Blitz-October-17-2023"]
[Site "Chess.com"]
[Date "2023.10.17"]
[Round "6"]
[White "LamaChampetre"]
[Black "Iskusnyh"]
[Result "1-0"]
[WhiteElo "2237"]
[BlackElo "2568"]
[TimeControl "180+1"]
[EndTime "9:11:07 PDT"]
[Termination "LamaChampetre won on time"]

1. d4 d5 2. c4 c6 3. Nf3 Nf6 4. e3 a6 5. Qb3 e6 6. Nc3 Nbd7 7. c5 g6 8. Bd2 Bg7 9. Be2 O-O 10. O-O e5 11. Nxe5 Nxe5 12. dxe5 Nd7 13. Na4 Nxe5 14. Rac1 Be6 15. Qxb7 d4 16. Qb6 Qh4 17. exd4 Qxd4 18. Qb4 Qd5 19. Nb6 a5 20. Nxd5 axb4 21. Nxb4 Rfb8 22. a3 h5 23. Bf4 Rc8 24. Rfd1 Ng4 25. Bxg4 hxg4 26. Rd2 Bf6 27. Be3 Rab8 28. Rd6 Bxb2 29.
Rcd1 Bxa3 30. Nxc6 Rb7 31. Nd8 Re7 32. Bg5 Re8 33. Nc6 1-0

[Event "Early-Titled-Tuesday-Blitz-October-17-2023"]
[Site "Chess.com"]
[Date "2023.10.17"]
[Round "6"]
[White "Firouzja2003"]
[Black "K_A_S_T_O_R"]
[Result "1-0"]
[WhiteElo "3087"]
[BlackElo "2871"]
[TimeControl "180+1"]
[EndTime "9:11:10 PDT"]
[Termination "Firouzja2003 won on time"]

1. d4 Nf6 2. c4 e6 3. a3 b6 4. Nc3 Bb7 5. Nf3 d5 6. cxd5 Nxd5 7. Qc2 Nd7 8. e4 Nxc3 9. bxc3 c5 10. Bd3 cxd4 11.
cxd4 Rc8 12. Qe2 Be7 13. O-O O-O 14. Bf4 Nf6 15. a4 Rc3 16. Rfe1 Qa8 17. Nd2 Bb4 18. Rab1 a5 19. f3 Qd8 20. Be3 Qd7 21. Nc4 Qxa4 22.
Nxb6 Qc6 23. Nc4 Rc8 24. Ne5 Qd6 25. Red1 Nd7 26. Ng4 Ra3 27. e5 Qe7 28. Bc1 Rac3 29. Bd2 Bd5 30. Ne3 Ba2 31. Rxb4 Qxb4 32. Bxc3 Qxc3 33.
Qxa2 g6 34. Qa1 Qb4 35. Ng4 1-0

[Event "Early-Titled-Tuesday-Blitz-October-17-2023"]
[Site "Chess.com"]
[Date "2023.10.17"]
[Round "6"]
[White "GM_Huschenbeth"]
[Black "viktorgen2021"]
[Result "1-0"]
[WhiteElo "2557"]
[BlackElo "2405"]
[TimeControl "180+1"]
[EndTime "9:11:10 PDT"]
[Termination "GM_Huschenbeth won by resignation"]

1. e4 g6 2. d4 Bg7 3. Nf3 d6 4. Bd3 Nf6 5. O-O Nc6 6. c3 O-O 7. h3 e5 8. Re1 Re8 9. d5 Nb8 10. c4 c5 11. Nc3 Nh5 12. Be3 Nf4 13. Bf1 Rf8 14. a3 f5 15. Bxf4 exf4 16. e5 dxe5 17. Nxe5 Nd7 18. Nd3 Qh4 19. Qd2 g5 20. d6 Nf6 21.
Re7 Bh6 22. Ne5 g4 23. Nd5 Ne4 24. Qc2 f3 25. gxf3 gxh3 26. fxe4 h2+ 27. Kh1 fxe4 28. Bg2 Bf5 29. Rxb7 e3 30. Ne7+ Qxe7 31. dxe7 Bxc2 32. exf8=Q+ Rxf8 33.
Bd5+ Kh8 34. Nf7+ Kg7 35. fxe3 Bxe3 36. Re1 Bd4 37. Kxh2 Kf6 38. Rf1+ Kg6 39. Re1 Bf2 40. Re2 Bd4 41. Rxc2 1-0

[Event "Early-Titled-Tuesday-Blitz-October-17-2023"]
[Site "Chess.com"]
[Date "2023.10.17"]
[Round "6"]
[White "stratacticos"]
[Black "nitpicker"]
[Result "0-1"]
[WhiteElo "1718"]
[BlackElo "2255"]
[TimeControl "180+1"]
[EndTime "9:11:11 PDT"]
[Termination "nitpicker won on time"]

1. b4 e5 2. Bb2 d6 3. g3 Nf6 4. Bg2 Be7 5. c4 O-O 6. d3 Re8 7. Qb3 Bf8 8. e4 Nc6 9. Ne2 a6 10. O-O g6 11. Nbc3 Be6 12. Nd5 Nd7 13. f4 f5 14.
exf5 Bxf5 15. fxe5 Ncxe5 16. Rxf5 gxf5 17. Rf1 Bg7 18. Rxf5 Rf8 19. Rxf8+ Nxf8 20. c5 Kh8 21. Nef4 c6 22.
Nb6 Rb8 23. d4 Neg6 24. Nh5 dxc5 25. Nxg7 Kxg7 26. dxc5+ Kh6 27. h4 Qd2 28. Nc4 Qe2 29. Bc1+ Kg7 30. Qc3+ Kg8 31. Bh6 Qd1+ 32. Kh2 Qd7 33.
Ne5 Qe6 34. Nxg6 Qxg6 35. Bh3 Re8 36. Qf3 Qxh6 0-1

[Event "Early-Titled-Tuesday-Blitz-October-17-2023"]
[Site "Chess.com"]
[Date "2023.10.17"]
[Round "6"]
[White "DonCiao"]
[Black "CuattroPrincesses"]
[Result "0-1"]
[WhiteElo "2093"]
[BlackElo "2276"]
[TimeControl "180+1"]
[EndTime "9:11:13 PDT"]
[Termination "CuattroPrincesses won by resignation"]

1. c4 Nf6 2. g3 g6 3. Bg2 Bg7 4.
Nc3 O-O 5. e4 d6 6. Nge2 c5 7.
O-O Nc6 8. d3 e5 9. h3 a6 10. Be3 Rb8 11. a4 Bd7 12. f4 exf4 13. gxf4 Nh5 14. f5 Nd4 15. Nd5 Bc6 16. Bxd4 cxd4 17. b4 Bxd5 18. cxd5 Be5 19. Qd2 Qh4 20. Rf3 Rbc8 21. Raf1 Rc7 22. fxg6 hxg6 23. Qh6 Bg7 24.
Qd2 Rfc8 25. Qe1 Qg5 26. Qf2 Rc2 27. Rxf7 Qe3 28. Qxe3 dxe3 29. Re1 Kxf7 30. Bf3 Rd2 31. d4 Rcc2 32. Bxh5 gxh5 33. Nf4 Bxd4 34. Nxh5 e2+ 35.
Kg2 Rd1 36. Rxe2 Rxe2+ 37. Kf3 Re3+ 38. Kg4 Rxe4+ 39. Kf5 Re5+ 40. Kg4 Rxh5 41. Kxh5 Be5 42. Kg4 Rd4+ 43. Kf3 Rxd5 44. Ke4 Rd4+ 45. Ke3 Rxb4 46. Kd3 Rxa4 47. Ke3 Ra3+ 48. Ke4 Rxh3 49. Kd5 a5 50.
Kc4 a4 51. Kd5 a3 0-1

[Event "Early-Titled-Tuesday-Blitz-October-17-2023"]
[Site "Chess.com"]
[Date "2023.10.17"]
[Round "6"]
[White "SlavenPastar"]
[Black "dosto07"]
[Result "0-1"]
[WhiteElo "2646"]
[BlackElo "2550"]
[TimeControl "180+1"]
[EndTime "9:11:14 PDT"]
[Termination "dosto07 won on time"]

1. b3 d5 2. Bb2 Nf6 3. Nf3 Bg4 4. e3 Nbd7 5. h3 Bxf3 6. Qxf3 e6 7. c4 c6 8. Nc3 Bd6 9. g4 h6 10. h4 Qe7 11. g5 hxg5 12. hxg5 Rxh1 13. Qxh1 Ng8 14.
Qh7 O-O-O 15. Qxg7 Be5 16. Qh7 d4 17. exd4 Bxd4 18.
f4 e5 19. O-O-O exf4 20. Qf5 Qe5 21. Bh3 Qxf5 22. Bxf5 Ne7 23. Bc2 Ne5 24. Rf1 f3 25.
Ne4 Bxb2+ 26. Kxb2 Nf5 27. c5 Nd4 28. Nd6+ Kc7 29.
Bd1 b6 30. b4 bxc5 31. bxc5 Ne6 32. Ne4 Rd4 33. Bc2 Nf4 34. Kc3 Rd8 35. g6 fxg6 36.
Ng5 Rh8 37. Nxf3 Rh3 38. Be4 Ne6 0-1